 Dungeon Crawl Stone Soup version 0.30-a0-879-ga8ba668304 (webtiles) character file.

Game seed: 13574413983251649886

7 M4edhros the Trooper (level 2, 0/21 HPs)
             Began as an Octopode Chaos Knight on Mar 14, 2023.
             Was a Plaything of Xom.
             Frozen to death by an endoplasm (1 damage)
             ... on level 1 of the Dungeon.
             The game lasted 00:00:17 (137 turns).

M4edhros the Trooper (Octopode Chaos Knight)         Turns: 137, Time: 00:00:18

Health: 0/21       AC:  1    Str: 11    XL:     2   Next: 4%
Magic:  2/2        EV: 13    Int: 20    God:    Xom [*.....]
Gold:   21         SH:  0    Dex: 11    Spells: 1/1 levels left

rFire   . . .      SeeInvis .    a - +0 mace (chaos)
rCold   . . .      Faith    .    (no shield)
rNeg    . . .      Spirit   .    (helmet restricted)
rPois   .          Reflect  .    (no amulet)
rElec   .          Rampage  .    c - +6 ring of intelligence
rCorr   .                        (no ring)
Will    .....                    (no ring)
Stlth   ++                       (no ring)
HPRegen 0.23/turn                (no ring)
MPRegen 0.08/turn                (no ring)
                                 (no ring)
                                 (no ring)

@: no status effects
A: almost no armour, amphibious, 8 rings, camouflage 1, gelatinous body 1,
(nimble swimmer 1), tentacles
a: Renounce Religion


You were on level 1 of the Dungeon.
You worshipped Xom.
You were a special plaything of Xom.
You visited 1 branch of the dungeon, and saw 1 of its levels.

You collected 21 gold pieces.

Inventory:

Hand Weapons
 a - a +0 mace of chaos (weapon)
Jewellery
 c - a +6 ring of intelligence (left tentacle)
Miscellaneous
 b - a piece from Xom's chessboard (15/15) (quivered)


   Skills:
 + Level 3.2 Fighting
 - Level 3.0 Maces & Flails
 + Level 2.7 Dodging


You had one spell level left.
You didn't know any spells.
Your spell library contained the following spells:

 Spells                   Type           Power      Damage    Failure   Level
 Kiss of Death            Conj/Necr      0%         2d5       19%         1
 Confusing Touch          Hex            0%         N/A       50%         3
 Dispel Undead            Necr           0%         3d6       88%         4


Dungeon Overview and Level Annotations

Branches:
Dungeon (1/15)

Altars:


Innate Abilities, Weirdness & Mutations

You cannot wear most types of armour.
You are amphibious.
You can wear up to eight rings at the same time.
Your skin changes colour to match your surroundings (Stealth+).
Your rubbery body absorbs attacks. (AC +1, EV +1)
((You are camouflaged when in or above water. (Stealth+)))
You have tentacles for arms and can constrict up to eight enemies at once.


Message History

You constrict the ball python.
The ball python bites you but does no damage.
The ball python completely misses you. The quokka bites you.
You emit a cloud of colourful smoke!
The quokka bites you.
Unknown command.
You hit the quokka but do no damage. You grab the quokka.
You constrict the quokka. You constrict the ball python.
You kill the ball python!
The quokka closely misses you. The quokka bites you.
The quokka closely misses you.
The quokka bites you but does no damage.
Unknown command.
You barely miss the quokka. You grab the quokka.
Your squeeze misses the quokka. You constrict the quokka. x2
The quokka misses you. The quokka bites you. The endoplasm freezes you.
You are frozen.
* * * LOW HITPOINT WARNING * * *
Unknown command.
You hit the endoplasm.
You squeeze the endoplasm, but do no damage.
The endoplasm is moderately wounded.
You constrict the quokka. x2; The quokka bites you.
* * * LOW HITPOINT WARNING * * *
The quokka closely misses you. The quokka bites you.
* * * LOW HITPOINT WARNING * * *
The endoplasm misses you. The quokka closely misses you.
Unknown command.
You aren't carrying any potions.
You hit the quokka.
The quokka is almost dead.
You constrict the quokka.
You kill the quokka!
You constrict the quokka.
You kill the quokka!
The endoplasm freezes you.
You are frozen.
You die... "This toy is broken."

#.#####. .# ....... ...
.. ....>. #.#...#..# ..
......# #.#....
.#.####....#.#
#.#.#..###..............
#.#.#..#..## ##.#.#.#.#
#.#...#)##)# .........
#.#.#.#.##)# #J†..?...
..#.#.##))#..# #@§#
........###.## #§§#
#...........# #..#
#........#.## ##..#
.........#.####..##
#........#.#.(...#
#...######......##
#...######......#
#.#.............#


You could see an endoplasm.

Vanquished Creatures
  An endoplasm (D:1)
  A giant cockroach (D:1)
  A hobgoblin (D:1)
  A kobold (D:1)
  2 quokkas (D:1)
  A ball python (D:1)
  2 goblins (D:1)
9 creatures vanquished.

Notes
Turn   | Place    | Note
-------+----------+-------------------------------------------
     0 | D:1      | M4edhros the Octopode Chaos Knight began the quest for the
                  | Orb.
     0 | D:1      | Reached XP level 1. HP: 16/16 MP: 1/1
   133 | D:1      | Reached XP level 2. HP: 18/21 MP: 2/2
   133 | D:1      | XOM: smoke on damage
   136 | D:1      | HP: 1/21 [quokka (3)]
   137 | D:1      | Frozen to death by an endoplasm

Illustrated notes

Levels and vault maps discovered:
D:1:      dpeg_arrival_shrine, layout_basic, hellmonk_ecumenical_altar_lost_god,
          minmay_tetromino_l4

Action                     || total
---------------------------++-------
  Melee: Mace              ||    16
         Constrict         ||     6
         Tentacles         ||     3
   Stab: Sleeping          ||     1
 Armour: Skin              ||     3
  Dodge: Dodged            ||    20

Table legend: (Time is in decaauts)
 A = Elapsed time spent in this place.
 B = Non-inter-level travel time spent in this place.
 C = Inter-level travel time spent in this place.
 D = Time resting spent in this place.
 E = Time spent auto-exploring this place.
 F = Levels seen in this place.
 G = Mean time per level.
                   A        B        C        D        E       F      G
               +--------+--------+--------+--------+--------+-----+--------+
         Total |    140 |    140 |      0 |      0 |     98 |   1 |  140.0 |
       Dungeon |    140 |    140 |      0 |      0 |     98 |   1 |  140.0 |
               +--------+--------+--------+--------+--------+-----+--------+

Top non-repeatable levels by time:
     D:1: 140 daAuts
